 Dungeon Crawl Stone Soup version 0.27-a0-262-gc50aac273e (webtiles) character file.

Game seed: 11714507742494505889

76527 tsouns the Carver (level 15, 0/136 HPs)
             Began as a Palentonga Ice Elementalist on Feb 5, 2021.
             Was a High Priest of Qazlal.
             Slain by an orc warlord
             ... wielding a +0 dire flail
              (27 damage)
             ... on level 1 of the Orcish Mines.
             The game lasted 01:08:00 (27314 turns).

tsouns the Carver (Palentonga Ice Elementalist)    Turns: 27314, Time: 01:08:01

Health: 0/136      AC: 27    Str: 12    XL:     15   Next: 12%
Magic:  4/29       EV:  8    Int: 21    God:    Qazlal [*****.]
Gold:   1017       SH: 21    Dex: 14    Spells: 14/34 levels left

rFire    . . .     SeeInvis +   U - +3 double sword (elec)
rCold    . . .     Faith    .   y - +0 kite shield
rNeg     . . .     Spirit   .   a - +0 robe
rPois    .         Reflect  +   q - +2 helmet
rElec    .         Harm     .   p - +2 cloak
rCorr    .         Rampage  .   S - +2 pair of gloves {Dex+3}
Will     ++...                  (no barding)
Stlth    +.........             J - amulet of reflection
HPRegen  0.32/turn              F - +4 ring of protection
MPRegen  0.21/turn              m - ring of willpower

@: protected from physical damage, repel missiles, curled up
A: large, rugged brown scales 3, see invisible, deformed body, roll 1, armoured
tail, reflexive curl
a: Rolling Charge, Renounce Religion, Upheaval, Elemental Force, Disaster Area


You were on level 1 of the Orcish Mines.
You worshipped Qazlal.
Qazlal was extremely pleased with you.
You visited 3 branches of the dungeon, and saw 22 of its levels.
You also visited: Sewer and Gauntlet.

You collected 1557 gold pieces.
You spent 540 gold pieces at shops.

Inventory:

Hand Weapons
 e - the +12 trident "Killer Klown's Bane" {venom, +Blink rPois Dex+4 Stlth+}
   (You found it on level 7 of the Dungeon)

   It poisons the flesh of those it strikes.
   It affects your dexterity (+4).
   It protects you from poison.
   It lets you blink.
   It makes you more stealthy.
 P - a +3 scimitar of flaming
 U - a +3 double sword of electrocution (weapon)
 W - the +12 Vampire's Tooth {vamp}
   (You found it in a Gauntlet)

   It inflicts no extra harm, but heals its wielder when it wounds a living foe.
Missiles
 v - 5 throwing nets (quivered)
 C - 16 javelins
 I - 15 curare-tipped darts
 Z - 17 silver javelins
Armour
 a - a +0 robe (worn)
 p - a +2 cloak (worn)
 q - a +2 helmet (worn)
 y - a +0 kite shield (worn)
 S - a +2 pair of gloves of dexterity (worn)
Jewellery
 f - an uncursed ring of resist corrosion
 m - a ring of willpower (right hand)
 F - a +4 ring of protection (left hand)
 J - an amulet of reflection (around neck)
 Y - an uncursed amulet of regeneration
Wands
 E - a wand of polymorph (8)
 H - a wand of acid (28)
 K - a wand of flame (77)
 L - a wand of random effects (20)
 M - a wand of iceblast (5)
 R - a wand of charming (5)
Scrolls
 g - 4 scrolls of magic mapping
 h - 5 scrolls of fog
 i - a scroll of enchant armour
 j - 9 scrolls of remove curse
 k - 7 scrolls of teleportation
 n - a scroll of blinking
 o - 5 scrolls of amnesia
 w - a scroll of fear
 x - a scroll of immolation
 T - 3 scrolls of identify
 V - a scroll of summoning
Potions
 b - 2 potions of lignification
 c - 6 potions of might
 d - 4 potions of brilliance
 l - 2 potions of heal wounds
 r - 2 potions of magic
 s - 2 potions of ambrosia
 z - 2 potions of haste
 A - 13 potions of curing
 B - 11 potions of mutation
 D - a potion of cancellation
 G - a potion of berserk rage
 N - 4 potions of flight
 Q - 2 potions of resistance
Miscellaneous
 t - a lightning rod (4/4)
 u - a condenser vane
 O - a tin of tremorstones (2/2)
 X - a phial of floods


   Skills:
 - Level 10.7 Fighting
 + Level 13.4 Long Blades
 - Level 3.0 Maces & Flails
 - Level 1.5 Dodging
 - Level 1.2 Stealth
 * Level 5.0 Shields
 - Level 10.2 Spellcasting
 - Level 8.0 Conjurations
 - Level 4.1 Summonings
 - Level 9.8 Ice Magic
 - Level 9.2 Invocations


You had 14 spell levels left.
You knew the following spells:

 Your Spells              Type           Power        Failure   Level
a - Freeze                Ice            100%         1%          1
b - Frozen Ramparts       Ice            100%         1%          3
c - Ozocubu's Armour      Ice            51%          1%          3
d - Hailstorm             Conj/Ice       48%          3%          4
e - Summon Ice Beast      Ice/Summ       40%          9%          4
f - Metabolic Englaciati  Hex/Ice        15%          47%         5

Your spell library contained the following spells:

 Spells                   Type           Power        Failure   Level
 Summon Small Mammal      Summ           100%         2%          1
 Static Discharge         Conj/Air       27%          9%          3
 Animate Skeleton         Necr           20%          14%         1
 Apportation              Tloc           20%          14%         1
 Beastly Appendage        Tmut           20%          14%         1
 Corona                   Hex            11%          14%         1
 Iskenderun's Battlesphe  Conj           44%          14%         5
 Ice Form                 Ice/Tmut       31%          19%         4
 Wereblood                Tmut           10%          22%         2
 Confusing Touch          Hex            10%          41%         3
 Gell's Gravitas          Tloc           5%           41%         3
 Spider Form              Tmut/Pois      5%           41%         3
 Summon Lightning Spire   Summ/Air       19%          52%         4
 Lightning Bolt           Conj/Air       13%          58%         5
 Bolt of Magma            Conj/Fire/Erth 11%          80%         5
 Petrify                  Tmut/Erth      10%          82%         4
 Blade Hands              Tmut           5%           99%         5
 Silence                  Hex/Air        5%           99%         5
 Yara's Violent Unravell  Hex/Tmut       5%           99%         5
 Conjure Ball Lightning   Conj/Air       13%          99%         6
 Iron Shot                Conj/Erth      13%          99%         6
 Orb of Destruction       Conj           22%          99%         7
 Spellforged Servitor     Conj/Summ      18%          100%        7
 Ignition                 Fire           5%           100%        8
 Shatter                  Erth           5%           100%        9
 Tornado                  Air            5%           100%        9


Dungeon Overview and Level Annotations

Branches:
Dungeon (14/15)            Temple (0/1) D:4            Lair (6/6) D:8
  Swamp (0/4) Lair:2       Spider (0/4) Lair:4        Slime (0/5) Lair:5
    Orc (2/2) D:12          Sewer (visited)         Gauntlet (visited)
    Elf: Orc:2       Vaults: D:13-14

Altars:
Ashenzari
Dithmenos
Elyvilon
Kikubaaqudgha
Nemelex Xobeh
Qazlal
Trog
Zin
The Shining One

Shops:
D:10 *   D:11 (!}   Orc:1 ?}


Innate Abilities, Weirdness & Mutations

You are completely covered in rugged brown scales. (AC +3, +7% HP)
You have supernaturally acute eyesight. (SInv)
Armour fits poorly on your strangely shaped body.
You can roll at nearby foes to attack.
You have a long armoured tail.
You curl defensively after being hit.


Message History

The orc high priest mumbles some strange prayers to Beogh against you.
Beogh smites you!
* * * LOW HITPOINT WARNING * * *
You block the orc warrior's attack.
The soul eater draws from the surrounding life force!
* * * LOW HITPOINT WARNING * * *
The soul eater is healed.
There is a stone staircase leading up here.
Unknown command.
Unknown command.
You block the orc warrior's attack.
The orc high priest invokes the aid of Beogh against you.
Beogh smites you!
* * * LOW HITPOINT WARNING * * *
The orc high priest prays to Beogh.
You climb upwards.
There is a stone staircase leading down here.
Your protection from physical attacks is fading.
The orc warlord hits you with a +0 dire flail!!
You die...

## ##......#.#.###.## .##
###................# ..#
####..<>..............##
.#####......................#
####....................#..##
..#.............°........###
...#..........§..§.###....#
..#....[....[..○oo.# ##...#
.......)........@§.## ##.##
.......)[.....☼.○§..# ###
...............☼...##
..#.....#.......#...#
...##............#.##
#.##.............###
###..............#
##.#..........## #
##...)#..)...##


You could see an orc warlord (strong) and an orc warrior (strong).

Vanquished Creatures
  A minotaur (Gauntlet)
  6 dire elephants (Lair:6)
  Azrael (D:13)
  9 hydras
  5 boulder beetles
  2 anacondas
  4 two-headed ogres
  A centaur warrior (D:13)
  Urug (Lair:2)
  An orc high priest (Orc:1)
  Nergalle (Lair:2)
  Sonja (Lair:1)
  An unseen horror (D:12)
  A lindwurm (Lair:4)
  2 orc knights
  A wolf spider zombie (D:14)
  2 deep elf pyromancers (D:12)
  2 wolf spiders (Lair:4)
  4 orc sorcerers
  A faun (shapeshifter) (Gauntlet)
  An oklob plant (Lair:5)
  2 ugly things (D:12)
  2 cyclopes
  3 centaur zombies
  A black mamba (Lair:5)
  26 elephants
  Psyche (D:9)
  A centaur skeleton (D:14)
  7 cane toads
  3 rime drakes
  A minotaur zombie (Gauntlet)
  16 komodo dragons
  2 tyrant leeches (Lair:2)
  2 jumping spiders (Lair:4)
  A polar bear (Lair:5)
  2 trolls
  A wind drake (shapeshifter) (Gauntlet)
  2 dream sheep (Lair:5)
  2 slime creatures (shapeshifter) (Gauntlet)
  16 blink frogs
  Prince Ribbit (D:5)
  3 slime creatures (D:14)
  5 small abominations (Gauntlet)
  Sigmund (D:5)
  4 wyverns
  A yak (shapeshifter) (Gauntlet)
  Eustachio (D:5)
  2 fire elementals (D:13)
  A wraith (D:13)
  34 yaks
  11 basilisks
  A vampire mosquito (D:13)
  5 wargs (Orc:1)
  Edmund (D:5)
  20 water moccasins
  5 hell hounds (D:13)
  6 orc warriors
  4 sky beasts
  A necrophage (D:9)
  3 ice beasts
  8 ogres
  8 black bears
  21 wolves
  5 centaurs
  3 phantoms
  2 big kobolds
  19 bullfrogs
  A wyvern zombie (D:7)
  4 scorpions
  17 killer bees
  A howler monkey (D:4)
  4 wights (D:7)
  2 electric eels
  8 hounds
  A quasit (D:11)
  3 jellies
  17 orc priests
  A bullfrog skeleton (D:7)
  3 iguanas
  16 orc wizards
  A hell rat (Lair:5)
  7 worker ants
  A killer bee zombie (D:5)
  A hound zombie (D:10)
  4 hound skeletons
  A worker ant zombie (D:5)
  3 gnolls (D:8)
  A howler monkey skeleton (D:9)
  16 adders
  2 shadow imps
  A white imp (D:7)
  An ufetubus (D:9)
  12 oozes
  2 adder skeletons
  2 dart slugs (D:2)
  15 leopard geckos
  52 orcs
  11 ball pythons
  19 giant cockroaches
  3 goblins (D:1)
  12 hobgoblins
  9 jackals
  5 quokkas
  14 bats
  17 frilled lizards
  A jackal skeleton (D:4)
  12 kobolds
  A quokka skeleton (D:6)
  5 rats
624 creatures vanquished.

Vanquished Creatures (collateral kills)
  A boulder beetle (Lair:4)
1 creature vanquished.

Vanquished Creatures (others)
  49 fungi
  99 plants
148 creatures vanquished.

Grand Total: 773 creatures vanquished

Notes
Turn   | Place    | Note
-------+----------+-------------------------------------------
     0 | D:1      | tsouns the Palentonga Ice Elementalist began the quest for
                  | the Orb.
     0 | D:1      | Reached XP level 1. HP: 14/14 MP: 3/3
   349 | D:1      | Reached XP level 2. HP: 21/21 MP: 1/5
  1000 | D:1      | Reached XP level 3. HP: 27/27 MP: 0/7
  1340 | D:2      | Learned a level 3 spell: Frozen Ramparts
  1344 | D:2      | Learned a level 3 spell: Ozocubu's Armour
  1447 | D:2      | Reached XP level 4. HP: 18/35 MP: 2/8
  1809 | D:2      | Noticed an ice beast
  1821 | D:2      | Killed an ice beast
  1822 | D:2      | Reached XP level 5. HP: 38/40 MP: 6/10
  2024 | D:2      | Learned a level 4 spell: Hailstorm
  2251 | D:2      | Found a stormy altar of Qazlal.
  2272 | D:2      | Became a worshipper of Qazlal Stormbringer
  3310 | D:4      | Reached skill level 1 in Conjurations
  3310 | D:4      | Reached XP level 6. HP: 45/48 MP: 6/12
  3376 | D:4      | Found a staircase to the Ecumenical Temple.
  3912 | D:4      | Reached skill level 5 in Ice Magic
  4120 | D:4      | Found a glowing golden altar of the Shining One.
  4185 | D:5      | Entered Level 5 of the Dungeon
  4284 | D:5      | Found a glowing drain.
  4426 | Sewer    | Entered a sewer
  4437 | Sewer    | Gained mutation: You curl defensively after being hit.
                  | [Palentonga growth]
  4437 | Sewer    | Reached XP level 7. HP: 52/53 MP: 8/14
  4523 | Sewer    | Reached * piety under Qazlal
  4919 | Sewer    | Reached ** piety under Qazlal
  4950 | Sewer    | Reached skill level 5 in Spellcasting
  4950 | Sewer    | Reached skill level 1 in Invocations
  5117 | D:5      | Noticed Prince Ribbit
  5124 | D:5      | Killed Prince Ribbit
  5275 | D:5      | Reached XP level 8. HP: 31/60 MP: 4/16
  5521 | D:5      | Noticed Edmund
  5529 | D:5      | Killed Edmund
  5708 | D:5      | Noticed Sigmund
  5720 | D:5      | Killed Sigmund
  5728 | D:5      | Reached skill level 1 in Maces & Flails
  5742 | D:5      | Noticed Eustachio
  5746 | D:5      | Killed Eustachio
  6339 | D:6      | Reached XP level 9. HP: 66/66 MP: 15/18
  6413 | D:6      | Found a faded altar of an unknown god.
  6413 | D:6      | Found a faded altar of an unknown god.
  6423 | D:6      | Found a white marble altar of Elyvilon.
  6425 | D:6      | Found a glowing silver altar of Zin.
  6427 | D:6      | Found a bloodstained altar of Trog.
  6490 | D:6      | Learned a level 4 spell: Summon Ice Beast
  6658 | D:6      | Reached *** piety under Qazlal
  7062 | D:7      | Got a scorched trident
  7063 | D:7      | Identified the +12 trident "Killer Klown's Bane" {venom,
                  | +Blink rPois Dex+4 Stlth+} (You found it on level 7 of the
                  | Dungeon)
  7066 | D:7      | Found a broken altar of Ashenzari.
  7073 | D:7      | Reached skill level 1 in Summonings
  7209 | D:7      | Found an ancient bone altar of Kikubaaqudgha.
  7499 | D:7      | Found a shadowy altar of Dithmenos.
  7512 | D:7      | Reached skill level 5 in Invocations
  7517 | D:7      | Reached skill level 5 in Conjurations
  8296 | D:8      | Noticed a two-headed ogre
  8303 | D:8      | Killed a two-headed ogre
  8304 | D:8      | Reached skill level 1 in Fighting
  8304 | D:8      | Reached XP level 10. HP: 46/77 MP: 13/20
  8341 | D:8      | Reached **** piety under Qazlal
  8655 | D:8      | Found a staircase to the Lair.
  9276 | D:9      | Noticed Psyche
  9279 | D:9      | Killed Psyche
  9839 | D:9      | Found a sparkling altar of Nemelex Xobeh.
  9994 | D:9      | Noticed a two-headed ogre
 10006 | D:9      | Killed a two-headed ogre
 10225 | D:9      | Found a shadowy altar of Dithmenos.
 10403 | D:10     | Entered Level 10 of the Dungeon
 10413 | D:10     | Found Iczim's General Store.
 10467 | D:10     | Reached XP level 11. HP: 84/88 MP: 18/22
 10509 | D:10     | Learned a level 5 spell: Metabolic Englaciation
 10801 | D:10     | Noticed a two-headed ogre
 10815 | D:10     | Killed a two-headed ogre
 11452 | D:11     | Got a bloodstained plate armour
 11463 | D:11     | Identified the +0 plate armour "Deodgho" {rF+ rN+ rCorr}
                  | (You found it on level 11 of the Dungeon)
 11546 | D:11     | Noticed a two-headed ogre
 11554 | D:11     | Killed a two-headed ogre
 11626 | D:11     | Found Wuh Kuapp's Weapon Emporium.
 12053 | D:11     | Found Waenim's Distillery.
 12065 | D:11     | Bought 2 potions of heal wounds for 150 gold pieces
 12065 | D:11     | Bought a potion of resistance for 150 gold pieces
 12065 | D:11     | Bought a potion of curing for 45 gold pieces
 12065 | D:11     | Bought a potion of curing for 45 gold pieces
 12065 | D:11     | Bought a potion of haste for 150 gold pieces
 12071 | D:11     | Found Hococh's Gadget Shoppe.
 12195 | D:12     | Noticed a green ugly thing
 12202 | D:12     | Noticed a deep elf pyromancer
 12203 | D:12     | Killed a green ugly thing
 12204 | D:12     | Reached skill level 5 in Fighting
 12205 | D:12     | Reached ***** piety under Qazlal
 12207 | D:12     | Killed a deep elf pyromancer
 12380 | D:12     | Found a staircase to the Orcish Mines.
 12407 | D:12     | Noticed a boulder beetle
 12417 | D:12     | Killed a boulder beetle
 12787 | D:12     | Noticed a cyan ugly thing
 12793 | D:12     | Killed a cyan ugly thing
 12795 | D:12     | Noticed a four-headed hydra
 12805 | D:12     | Killed a four-headed hydra
 12828 | D:12     | Noticed a deep elf pyromancer
 12834 | D:12     | Killed a deep elf pyromancer
 13013 | D:12     | Found a stormy altar of Qazlal.
 13148 | D:12     | Noticed an unseen horror
 13153 | D:12     | Killed an unseen horror
 13154 | D:12     | Reached XP level 12. HP: 94/103 MP: 25/25
 13359 | D:12     | You fall into a shaft and drop 2 floors!
 13750 | D:13     | Noticed Azrael
 13758 | D:13     | Killed Azrael
 13816 | D:13     | Noticed a centaur warrior
 13820 | D:13     | Killed a centaur warrior
 14444 | Lair:1   | Entered Level 1 of the Lair of Beasts
 14537 | Lair:1   | Noticed Sonja
 14543 | Lair:1   | Killed Sonja
 14757 | Lair:1   | Reached skill level 10 in Spellcasting
 15748 | Lair:2   | Noticed Urug
 15755 | Lair:2   | Killed Urug
 16082 | Lair:2   | Reached skill level 1 in Long Blades
 16169 | Lair:2   | Noticed an eight-headed hydra
 16175 | Lair:2   | Killed an eight-headed hydra
 16176 | Lair:2   | Reached skill level 2 in Long Blades
 16449 | Lair:2   | Noticed a seven-headed hydra
 16454 | Lair:2   | Killed a seven-headed hydra
 16455 | Lair:2   | Reached skill level 3 in Long Blades
 16455 | Lair:2   | Reached XP level 13. HP: 107/114 MP: 20/27
 16649 | Lair:2   | Found a staircase to the Swamp.
 16840 | Lair:3   | Noticed Nergalle
 16852 | Lair:2   | Killed Nergalle
 16853 | Lair:2   | Reached skill level 4 in Long Blades
 17098 | Lair:3   | Reached skill level 5 in Long Blades
 17317 | Lair:3   | Reached skill level 6 in Long Blades
 18124 | Lair:4   | Reached skill level 7 in Long Blades
 18741 | Lair:4   | Reached skill level 8 in Long Blades
 19596 | Lair:4   | Found a hole to the Spider Nest.
 19736 | Lair:5   | Reached skill level 9 in Long Blades
 20094 | Lair:5   | Found a staircase to the Slime Pits.
 20394 | Lair:5   | Reached skill level 10 in Long Blades
 20419 | Lair:5   | Reached ****** piety under Qazlal
 20918 | Lair:5   | Reached XP level 14. HP: 51/126 MP: 3/28
 21202 | Lair:5   | Reached skill level 11 in Long Blades
 21570 | Lair:6   | Entered Level 6 of the Lair of Beasts
 21630 | Lair:6   | HP: 5/126 [boulder beetle (44)]
 21632 | Lair:6   | Found a gate leading to a gauntlet.
 21635 | Gauntlet | Entered a Gauntlet
 21635 | Gauntlet | Found a transporter.
 21635 | Gauntlet | Found a transporter.
 21635 | Gauntlet | Found a transporter.
 21952 | Gauntlet | Found the +12 Vampire's Tooth {vamp}
 21955 | Gauntlet | Found a transporter.
 21957 | Gauntlet | Found a large runed translucent door.
 21958 | Gauntlet | Found a large runed translucent door.
 21959 | Gauntlet | Found a large runed translucent door.
 21959 | Gauntlet | Found a large runed translucent door.
 21959 | Gauntlet | Found a runed translucent door.
 21959 | Gauntlet | Found a runed translucent door.
 21960 | Gauntlet | Found a large runed translucent door.
 21961 | Gauntlet | Found a large runed translucent door.
 21962 | Gauntlet | Found a large runed translucent door.
 21962 | Gauntlet | Found a large runed translucent door.
 21963 | Gauntlet | Found a runed translucent gate.
 21963 | Gauntlet | Found a runed translucent gate.
 21963 | Gauntlet | Found a runed translucent gate.
 21965 | Gauntlet | Found a transporter.
 21969 | Gauntlet | Found a transporter.
 21979 | Gauntlet | Found a transporter.
 22003 | Gauntlet | Found a transporter.
 22017 | Gauntlet | Found a transporter.
 22021 | Gauntlet | Found a transporter.
 22031 | Gauntlet | Found a transporter.
 22035 | Gauntlet | Found a transporter.
 22071 | Gauntlet | Found a large runed translucent door.
 22072 | Gauntlet | Found a large runed translucent door.
 22073 | Gauntlet | Found a large runed translucent door.
 22073 | Gauntlet | Found a large runed translucent door.
 22074 | Gauntlet | Found a large runed translucent door.
 22075 | Gauntlet | Found a large runed translucent door.
 22076 | Gauntlet | Found a large runed translucent door.
 22076 | Gauntlet | Found a large runed translucent door.
 22137 | Gauntlet | Paralysed by a floating eye for 3 turns
 22546 | Gauntlet | Identified the +5 ring mail "Miciv" {rPois Str+4}
 22958 | Lair:6   | Reached skill level 10 in Fighting
 22989 | Lair:6   | Reached skill level 12 in Long Blades
 24040 | Lair:6   | Reached skill level 1 in Shields
 24505 | Lair:6   | Reached skill level 13 in Long Blades
 26512 | Orc:1    | Entered Level 1 of the Orcish Mines
 26519 | Orc:1    | Reached XP level 15. HP: 136/136 MP: 29/29
 27047 | Orc:1    | Found Yjuuno Poyji's Gadget Shoppe.
 27047 | Orc:1    | Found Vompokhlita's Magic Scroll Boutique.
 27287 | Orc:2    | Entered Level 2 of the Orcish Mines
 27292 | Orc:2    | Noticed an orc warlord
 27297 | Orc:2    | Paralysed by an orc sorcerer for 4 turns
 27302 | Orc:2    | Reached skill level 5 in Shields
 27314 | Orc:1    | Slain by an orc warlord

Illustrated notes

Levels and vault maps discovered:
D:1:      amcnicky_arrival_flooded_fountain, layout_loops_cross
D:2:      layout_rooms, grunt_qazlal_sundering
D:3:      layout_basic
D:4:      layout_basic, kennysheep_little_box, minmay_temple_entry_waves
D:5:      layout_loops_ring, gup_sewer_entry_pipe, uniq_sigmund, uniq_edmund,
          uniq_prince_ribbit1, uniq_eustachio
D:6:      layout_cave_pools, chequers_temple_overflow_minitemple
D:7:      layout_loops_ring, nicolae_overflow_crystal_walls,
          nicolae_ashenzari_panopticon, nicolae_dithmenos_through_a_glass_darkly
D:8:      layout_loops_cross, minmay_lair_entry_grove
D:9:      layout_roguey, kennysheep_mini, st_stairs_8,
          nemelex_dance_club_becter, uniq_erolcha, uniq_psyche
D:10:     layout_irregular_city, serial_shops, shop, minivault_23,
          chequers_serial_rivers_small_3, grunt_decor_fettered
D:11:     layout_small_grid, serial_shops, nicolae_shop_statue_plus,
          nicolae_shop_window_shopping, shop_fountains
D:12:     layout_basic, orc_0_dummy, basic_altar, minivault_23
D:13:     minmay_slanted_spiral_squares, layout_long_grid, uniq_azrael
D:14:     layout_roguey, erik_vaults_2, nicolae_trove_entry_crystal,
          minmay_tree_intersection, uniq_agnes
Lair:1:   layout_loops_ring, st_stairs_12, fungi_pond_lemuel,
          infiniplex_staircase_pool_2, uniq_sonja
Lair:2:   layout_loops_ring, palyth_hydra_swamp_entry, serial_bayou_pond_e,
          uniq_urug
Lair:3:   layout_regular_city, enter_volcano_4, grunt_megastairs_1,
          uniq_nergalle
Lair:4:   layout_regular_city, spider_nest_entry_funnel_web,
          serial_bayou_shore_b
Lair:5:   nzn_winding_woodlands_cross [nzn_winding_woodlands_5x15_twine,
          nzn_winding_woodlands_5x15_parted, nzn_winding_woodlands_5x15_eye,
          nzn_winding_woodlands_5x15_concentric,
          nzn_winding_woodlands_15x15_killbox], layout_long_grid,
          minmay_slime_entry_oklob_open, kennysheep_basilisk_garden
Lair:6:   due_jungle_book, layout_gridlike, gauntlet_entry_generic
Orc:1:    layout_caves, guppyfry_orc_lava_fort
Orc:2:    grunt_orc_gardens, layout_diamond_mine, grunt_orc_garden,
          grunt_orc_garden, grunt_orc_garden, grunt_orc_garden

Skill      XL: |  1  2  3  4  5  6  7  8  9 10 11 12 13 14 15 |
---------------+----------------------------------------------+-----
Spellcasting   | 3 4 5 6 7 9 10 | 10.2
Ice Magic      | 4 5 6 7 8 9 |  9.8
Conjurations   | 1 2 3 4 5 6 8 |  8.0
Invocations    | 2 4 6 7 9 |  9.2
Maces & Flails | 2 3 |  3.0
Summonings     | 2 4 |  4.1
Fighting       | 1 3 6 8 9 10 | 10.7
Long Blades    | 3 10 13 | 13.4
Shields        | 4 5 |  5.0
Dodging        | |  1.5
Stealth        | |  1.2

Action                   |  1- 3 |  4- 6 |  7- 9 | 10-12 | 13-15 || total
-------------------------+-------+-------+-------+-------+-------++-------
Melee: Unarmed           |     3 |       |       |       |       ||     3
       Short sword       |     2 |       |       |       |       ||     2
       Mace              |     6 |    38 |       |       |       ||    44
       Tailslap          |       |     5 |    13 |    56 |    75 ||   149
       Flail             |       |    10 |    63 |       |       ||    73
       Trident           |       |       |    84 |   370 |       ||   454
       Double sword      |       |       |       |     3 |   384 ||   387
       Quick blade       |       |       |       |       |    25 ||    25
Throw: Boomerang         |       |       |       |       |     8 ||     8
 Cast: Freeze            |    56 |    89 |   102 |    20 |    64 ||   331
       Ozocubu's Armour  |       |     1 |     4 |     4 |     9 ||    18
       Frozen Ramparts   |       |     3 |    19 |    32 |    45 ||    99
       Hailstorm         |       |       |     6 |    23 |    67 ||    96
       Metabolic Englaci |       |       |       |       |     3 ||     3
       Summon Ice Beast  |       |       |       |       |     3 ||     3
Invok: Disaster Area     |       |       |       |       |     3 ||     3
Evoke: Wand              |       |       |       |     1 |    14 ||    15
       Tin of tremorston |       |       |       |       |     2 ||     2
  Use: Potion            |       |     1 |       |     2 |     4 ||     7
       Scroll            |       |    14 |     5 |     8 |     9 ||    36
 Stab: Sleeping          |     1 |     1 |       |       |       ||     2
Armor: Robe              |    24 |    47 |    98 |   154 |   198 ||   521
Dodge: Dodged            |    30 |    68 |   145 |   121 |   123 ||   487
       Repelled          |       |       |       |     3 |     2 ||     5
Block: Other             |       |       |    33 |   173 |   213 ||   419
       Reflection        |       |       |       |     5 |     6 ||    11
       Kite shield       |       |       |       |       |   172 ||   172
       Rpst.: Double sword |       |       |       |     1 |    26 ||    27

Table legend: (Time is in decaauts)
 A = Elapsed time spent in this place.
 B = Non-inter-level travel time spent in this place.
 C = Inter-level travel time spent in this place.
 D = Time resting spent in this place.
 E = Time spent auto-exploring this place.
 F = Levels seen in this place.
 G = Mean time per level.
                   A        B        C        D        E       F      G
               +--------+--------+--------+--------+--------+-----+--------+
         Total |  27598 |  26711 |    887 |      0 |  22537 |  24 | 1149.9 |
       Dungeon |  14115 |  13555 |    560 |      0 |  11247 |  14 | 1008.2 |
          Lair |  10726 |  10444 |    282 |      0 |   9256 |   6 | 1787.7 |
  Orcish Mines |    800 |    756 |     44 |      0 |    559 |   2 |  400.0 |
         Sewer |    670 |    670 |      0 |      0 |    376 |   1 |  670.0 |
      Gauntlet |   1284 |   1284 |      0 |      0 |   1098 |   1 | 1284.0 |
               +--------+--------+--------+--------+--------+-----+--------+

Top non-repeatable levels by time:
  Lair:6: 3405 daAuts
  Lair:5: 1954 daAuts
  Lair:4: 1644 daAuts
     D:5: 1508 daAuts
  Lair:2: 1372 daAuts
     D:2: 1344 daAuts
  Lair:1: 1340 daAuts
Gauntlet: 1284 daAuts
     D:9: 1216 daAuts
     D:1: 1209 daAuts
     D:8: 1180 daAuts
    D:11: 1161 daAuts
     D:7: 1147 daAuts
    D:12: 1058 daAuts
  Lair:3: 1008 daAuts
